 Dungeon Crawl Stone Soup version 0.21.1-1-g345015f (webtiles) character file.

424 doot the Magician (level 6, -7/32 HPs)
             Began as a Deep Elf Necromancer on May 1, 2018.
             Mangled by an orc priest
             ... wielding a +0 flail
              (8 damage)
             ... on level 6 of the Dungeon.
             The game lasted 00:10:11 (2853 turns).

doot the Magician (Deep Elf Necromancer)            Turns: 2853, Time: 00:10:11

Health: -7/32      AC:  9    Str:  5    XL:     6   Next: 64%
Magic:  18/18      EV: 13    Int: 22    God:
Gold:   87         SH:  0    Dex: 15    Spells: 7/19 levels left

rFire    . . .     SeeInvis .   g - +0 short sword
rCold    . . .     Gourm    .   (no shield)
rNeg     . . .     Faith    .   a - +0 robe
rPois    .         Spirit   .   l - +0 helmet
rElec    .         Reflect  .   r - +0 cloak
rCorr    .         Harm     .   q - +0 pair of gloves
MR       .....                  (no boots)
Stlth    ++........             j - amulet of magic regeneration
HPRegen  0.10/turn              s - +4 ring of protection
MPRegen  0.41/turn              (no ring)

@: no status effects
A: no striking features
a: no special abilities


You were on level 6 of the Dungeon.
You were not hungry.

You visited 1 branch of the dungeon, and saw 5 of its levels.

You collected 87 gold pieces.

Inventory:

Hand Weapons
 g - a +0 short sword (weapon)
Armour
 a - a +0 robe (worn)
 l - a +0 helmet (worn)
 q - a +0 pair of gloves (worn)
 r - a +0 cloak (worn)
Jewellery
 j - an amulet of magic regeneration (around neck)
 s - a +4 ring of protection (left hand)
Scrolls
 d - 2 scrolls of random uselessness {unknown}
 e - 7 scrolls of identify {unknown}
 f - 8 scrolls of teleportation {unknown}
 i - a scroll of immolation {unknown}
 k - a scroll of fog {unknown}
 n - a scroll of magic mapping {unknown}
 o - 2 scrolls of amnesia {unknown}
 p - 2 scrolls of remove curse {unknown}
Potions
 h - a potion of haste {unknown}
 m - 2 potions of brilliance {unknown}
 u - 2 potions of heal wounds
 v - a potion of curing {unknown}
Books
 b - a book of Necromancy

   Spells                             Type                      Level
   a - Pain                           Necromancy                   1
   b - Animate Skeleton               Necromancy                   1
   c - Vampiric Draining              Necromancy                   3
   d - Regeneration                   Charms/Necromancy            3
   e - Animate Dead                   Necromancy                   4
   f - Borgnjor's Vile Clutch         Necromancy/Earth             5
Comestibles
 c - 6 rations
 t - a chunk of flesh


   Skills:
 + Level 0.1 Fighting
 + Level 0.8 Short Blades
 + Level 3.2 Dodging
 + Level 2.7 Stealth
 + Level 7.1 Spellcasting
 + Level 0.3 Charms
 + Level 6.9 Necromancy


You had 7 spell levels left.
You knew the following spells:

 Your Spells              Type           Power        Failure   Level  Hunger
a - Pain                  Necr           ####         1%          1    None
b - Animate Skeleton      Necr           N/A          1%          1    None
c - Regeneration          Chrm/Necr      ###.......   5%          3    None
d - Animate Dead          Necr           N/A          4%          4    ###....
e - Vampiric Draining     Necr           #####.....   1%          3    None


Dungeon Overview and Level Annotations

Branches:
Dungeon (4/15)
 Temple: D:4-7

Altars:
Fedhas
Trog
Xom


Message History

The iguana hisses angrily.
Found 10 gold pieces.
An orc warrior comes into view. It is wielding a trident.
The orc warrior shouts!
Found a stone staircase leading up.
Found a helmet.
An orc priest comes into view.
An orc priest comes into view. It is wielding a flail.
The orc warrior hits you with a trident!
An orc comes into view. It is wielding a hand axe.
The orc warrior hits you from afar with a trident!
Ouch! That really hurt!
* * * LOW HITPOINT WARNING * * *
The orc priest shouts!
You hear a shout! x3
The orc priest barely misses you.
The orc warrior hits you from afar with a trident.
* * * LOW HITPOINT WARNING * * *
The orc priest hits you with a flail!
You die...

...............#####....
.................#......
###.########..##........
#.# #..Y......... #..
#.#.......#.. .##.
..o#...os..# #
..#...o...o.l.#
o####.....O.## o.
####..@o# ##.o<# #.[.#
#.... ...... .....###
.....## ......


You could see an orc warrior, an ice beast, an ogre, a scorpion, an iguana, 2
orc priests and 3 orcs.

Vanquished Creatures
  Edmund (D:4)
  A sky beast (D:3)
  An iguana (D:4)
  A hound skeleton (D:4)
  4 gnolls (D:3)
  5 adders
  3 oozes (D:2)
  A worm (D:2)
  A dart slug (D:1)
  4 leopard geckos
  5 orcs
  5 bats
  4 giant cockroaches
  10 goblins
  14 hobgoblins
  5 jackals
  A quokka (D:2)
  A ball python (D:3)
  3 frilled lizards
  6 kobolds
  9 rats
85 creatures vanquished.

Vanquished Creatures (collateral kills)
  A jackal (D:3)
1 creature vanquished.

Grand Total: 86 creatures vanquished

Notes
Turn   | Place    | Note
-------+----------+-------------------------------------------
     0 | D:1      | doot the Deep Elf Necromancer began the quest for the Orb.
     0 | D:1      | Reached XP level 1. HP: 10/10 MP: 6/6
    17 | D:1      | Reached skill level 5 in Necromancy
    57 | D:1      | Reached XP level 2. HP: 8/15 MP: 2/8
   293 | D:1      | Learned a level 1 spell: Animate Skeleton
   714 | D:1      | Reached XP level 3. HP: 19/19 MP: 8/10
  1069 | D:2      | Reached skill level 4 in Spellcasting
  1075 | D:2      | Learned a level 3 spell: Regeneration
  1180 | D:2      | Found a shimmering altar of Xom.
  1201 | D:2      | Reached XP level 4. HP: 3/24 MP: 6/12
  1584 | D:2      | Reached skill level 5 in Spellcasting
  1899 | D:2      | Found a bloodstained altar of Trog.
  2126 | D:3      | Noticed a sky beast
  2227 | D:3      | Learned a level 4 spell: Animate Dead
  2277 | D:3      | Reached XP level 5. HP: 22/28 MP: 9/15
  2387 | D:3      | Killed a sky beast
  2387 | D:3      | Reached skill level 6 in Spellcasting
  2539 | D:3      | Reached XP level 6. HP: 31/32 MP: 13/17
  2794 | D:4      | Noticed Edmund
  2811 | D:4      | Learned a level 3 spell: Vampiric Draining
  2813 | D:4      | Killed Edmund
  2813 | D:4      | Reached skill level 7 in Spellcasting
  2822 | D:4      | You fall through a shaft for 2 floors!
  2824 | D:6      | Found a blossoming altar of Fedhas.
  2824 | D:6      | Noticed a yak
  2824 | D:6      | Noticed a yak
  2841 | D:6      | Noticed an ice beast
  2846 | D:6      | Noticed an orc warrior
  2850 | D:6      | HP: 1/32 [orc warrior/trident (17)]
  2853 | D:6      | Mangled by an orc priest

Skill      XL: |  1  2  3  4  5  6 |
---------------+-------------------+-----
Necromancy     | 5 6 |  6.9
Spellcasting   | 4 5 6 7 |  7.1
Dodging        | 3 |  3.2
Fighting       | |  0.1
Short Blades   | |  0.8
Stealth        | |  2.7
Charms         | |  0.3

Action                   |  1- 3 |  4- 6 || total
-------------------------+-------+-------++-------
Melee: Short sword       |       |    57 ||    57
 Cast: Pain              |    54 |    97 ||   151
       Animate Skeleton  |     3 |    12 ||    15
       Regeneration      |       |     4 ||     4
       Animate Dead      |       |     3 ||     3
  Eat: Chunk             |       |     7 ||     7
Armor: Robe              |       |    18 ||    18
Dodge: Dodged            |     2 |    58 ||    60
